 Dungeon Crawl Stone Soup version 0.25.1-2-g60ff931df9 (webtiles) character file.

Game seed: 9744056897193707040

90 tempo the Magician (level 4, -5/25 HPs)
             Began as a Deep Elf Wizard on Sept 30, 2020.
             Slain by an ogre
             ... wielding a +0 giant spiked club
              (15 damage)
             ... on level 3 of the Dungeon.
             The game lasted 00:03:32 (3054 turns).

tempo the Magician (Deep Elf Wizard)                Turns: 3054, Time: 00:03:33

Health: -5/25      AC:  3    Str:  4    XL:     4   Next: 32%
Magic:  13/13      EV: 11    Int: 24    God:
Gold:   63         SH:  0    Dex: 13    Spells: 3/14 levels left

rFire    . . .     SeeInvis .   (no weapon)
rCold    . . .     Gourm    .   (no shield)
rNeg     . . .     Faith    .   g - +0 leather armour
rPois    .         Spirit   .   b - +0 hat
rElec    .         Reflect  .   (no cloak)
rCorr    .         Harm     .   (no gloves)
MR       .....                  (no boots)
Stlth    ++........             (no amulet)
HPRegen  0.08/turn              h - +4 ring of slaying
MPRegen  0.13/turn              (no ring)

@: no status effects
A: no striking features
a: no special abilities


You were on level 3 of the Dungeon.
You were not hungry.

You visited 1 branch of the dungeon, and saw 3 of its levels.

You collected 63 gold pieces.

Inventory:

Missiles
 o - 25 bolts
Armour
 b - a +0 hat (worn)
 g - a +0 leather armour (worn)
 p - a +0 buckler
Jewellery
 h - a +4 ring of slaying (left hand)
Wands
 m - a wand of flame (16)
Scrolls
 a - a scroll of amnesia {unknown}
 j - a scroll of enchant weapon {unknown}
 k - a scroll of fog {unknown}
 n - a scroll of enchant armour {unknown}
Potions
 c - 3 potions of curing {unknown}
 e - a potion of heal wounds {unknown}
 f - a potion of ambrosia {unknown}
 i - a potion of lignification {unknown}
 l - a potion of brilliance {unknown}
Comestibles
 d - 5 rations


   Skills:
 - Level 1.0 Fighting
 - Level 1.0 Armour
 - Level 2.4 Dodging
 - Level 2.4 Stealth
 * Level 5.6 Spellcasting
 * Level 2.3 Conjurations
 - Level 1.1 Summonings
 - Level 1.1 Translocations
 + Level 0.5 Air Magic
 + Level 0.6 Poison Magic


You had 3 spell levels left.
You knew the following spells:

 Your Spells              Type           Power        Failure   Level  Hunger
a - Magic Dart            Conj           ###.         5%          1    None
b - Mephitic Cloud        Conj/Pois/Air  ##......     26%         3    #......
c - Call Imp              Summ           ##......     14%         2    None
d - Blink                 Tloc           N/A          14%         2    None
e - Conjure Flame         Conj/Fire      ##......     26%         3    #......

Your spell library contained the following spells:

 Spells                   Type           Power        Failure   Level  Hunger
 Slow                     Hex            #.......     22%         2    None


Dungeon Overview and Level Annotations

Branches:
Dungeon (3/15)

Altars:


Message History

You see here a +0 short sword.
Done exploring.
Done exploring.
You see here a +0 short sword.
There is an open door here.
There is a stone staircase leading down here.
You climb downwards.
You hear the sound of rushing water.
There is an entrance to a sewer on this level.
Hurry and find it before the portal rusts away!
Found 21 stones.
There is a stone staircase leading up here.
An ogre comes into view. It is wielding a +0 giant spiked club.
You hit the ogre.
The ogre is lightly wounded.
The ogre hits you with a +0 giant spiked club!
Ouch! That really hurt!
There is a stone staircase leading up here.
The ogre hits you with a +0 giant spiked club!
Ouch! That really hurt!
You die...

#..
#..#######.#
#..........#
#.# #.# #.#
#.# #O# #@#
#(.......
.#.##.### #.
.. ## .## .#
.# ##


You could see an ogre.

Vanquished Creatures
  2 adders (D:2)
  3 dart slugs
  4 worms (D:2)
  3 leopard geckos (D:1)
  4 giant cockroaches
  5 goblins
  8 hobgoblins
  3 ball pythons
  6 bats
  6 frilled lizards
  2 kobolds
  8 rats
54 creatures vanquished.

Notes
Turn   | Place    | Note
-------+----------+-------------------------------------------
     0 | D:1      | tempo the Deep Elf Wizard began the quest for the Orb.
     0 | D:1      | Reached XP level 1. HP: 10/10 MP: 7/7
   336 | D:1      | Reached XP level 2. HP: 16/16 MP: 2/9
   835 | D:1      | Reached skill level 5 in Spellcasting
  1045 | D:1      | Reached XP level 3. HP: 20/20 MP: 8/11
  1050 | D:1      | Learned a level 3 spell: Mephitic Cloud
  1053 | D:1      | Learned a level 2 spell: Call Imp
  1056 | D:1      | Learned a level 2 spell: Blink
  1060 | D:1      | Learned a level 3 spell: Conjure Flame
  1532 | D:2      | Reached skill level 1 in Armour
  1677 | D:2      | Reached skill level 1 in Fighting
  2044 | D:2      | Reached XP level 4. HP: 25/25 MP: 9/13
  3047 | D:3      | Noticed an ogre
  3054 | D:3      | Slain by an ogre

Illustrated notes

Levels and vault maps discovered:
D:1:      minmay_arrival_four_loops, layout_basic
D:2:      layout_basic
D:3:      layout_loops_ring, first_ration, portal_sewer_entry_a

Skill      XL: |  1  2  3 |
---------------+----------+-----
Spellcasting   | 5 |  5.6
Armour         | 1 |  1.0
Conjurations   | 2 |  2.3
Fighting       | 1 |  1.0
Dodging        | |  2.4
Stealth        | |  2.4
Summonings     | |  1.1
Translocations | |  1.1
Air Magic      | |  0.5
Poison Magic   | |  0.6

Action                   |  1- 3 |  4- 6 || total
-------------------------+-------+-------++-------
Melee: Unarmed           |     3 |     1 ||     4
 Cast: Magic Dart        |   118 |    33 ||   151
  Eat: Chunk             |     3 |     3 ||     6
Armor: Robe              |     1 |       ||     1
       Leather armour    |     1 |     4 ||     5
Dodge: Dodged            |    12 |     2 ||    14
